Map: 킹스 코브 - 래더

Players

Patience

  • Race: Protoss Protoss
  • Spawn Location: 5:00

herO - Winner!

  • Race: Protoss Protoss
  • Spawn Location: 11:00

Event: IEM Season 13: Katowice (2019)

VOD

Have the link to the VOD?

Description

Time

  • Played on: Feb. 28, 2019, 7:44 a.m.
  • Length: 8:17

All games in this series

Show
View Real Time Build Order
Export as new Build Order

Patience Protoss 

Build Orders: Phoenix Opening 

Get SALT Encoding   

  12  0:00  Probe  
  13  0:12  Probe  
  14  0:18  Pylon  
  14  0:23  Probe  
  15  0:33  Probe  
  15  0:36  Gateway  
  15  0:42  Probe  
  16  0:47  Assimilator  
  17  0:52  Probe  
  17  0:55  Assimilator  
  18  1:00  Probe  
  18  1:08  Gateway, Probe  
  20  1:20  Probe  
  21  1:26  Cybernetics Core  
  21  1:32  Probe  
  22  1:38  Pylon  
  22  1:44  Probe  
  23  1:54  Warp Gate  
  23  1:56  Probe  
  24  2:03  Sentry, Adept  
  28  2:08  Probe  
  28  2:13  Pylon  
  29  2:19  Pylon  
  29  2:21  Probe  
  30  2:35  Sentry  
  30  2:36  Sentry  
  34  2:38  Probe  
  35  2:53  Probe  
  35  2:55  Pylon  
  35  2:57  Shield Battery  
  36  3:07  Stalker  
  38  3:13  Stalker, Probe  
  41  3:22  Stargate  
  39  3:29  Shield Battery  
  39  3:36  Probe  
  36  3:46  Nexus  
  35  3:50  Adept  
  35  3:52  Adept  
  35  3:54  Probe  
  39  3:57  Phoenix  
  40  4:10  Probe  
  41  4:19  Adept  
  41  4:21  Adept  
  45  4:24  Probe  
  46  4:34  Oracle  
  46  4:36  Probe, Pylon  
  46  4:54  Adept x2  
  50  5:05  Probe  
  51  5:08  Oracle  
  54  5:22  Probe x2  
  54  5:24  Shield Battery  
  54  5:26  Shield Battery  
  54  5:27  Shield Battery  
  56  5:34  Sentry, Adept  
  57  5:39  Shield Battery  
  56  5:46  Void Ray  
  56  5:56  Gateway  
  60  5:58  Probe x2  
  62  6:09  Adept x2  
  66  6:14  Probe  
  62  6:31  Adept x2  
  58  6:40  Adept x2  
  58  6:41  Void Ray  
  47  6:57  Zealot  
  45  7:01  Zealot x2  
  35  7:19  Adept  
  35  7:21  Adept x2  
  15  7:33  Probe  
  15  7:35  Probe  
  15  7:48  Probe  
Show
View Real Time Build Order
Export as new Build Order

herO Protoss - Winner!

Build Orders: Oracle Opening 

Get SALT Encoding   

  12  0:00  Probe  
  13  0:12  Probe  
  14  0:17  Pylon  
  14  0:23  Probe  
  15  0:32  Probe  
  15  0:37  Gateway  
  15  0:40  Probe  
  16  0:47  Assimilator  
  17  0:51  Probe  
  18  1:00  Probe  
  18  1:01  Assimilator  
  19  1:08  Probe  
  19  1:09  Gateway  
  19  1:17  Probe  
  21  1:26  Cybernetics Core  
  21  1:29  Probe  
  22  1:38  Pylon  
  22  1:41  Probe  
  24  2:02  Adept x2  
  24  2:03  Warp Gate  
  27  2:12  Stargate  
  27  2:31  Pylon  
  27  2:32  Adept x2  
  31  2:45  Oracle  
  31  2:49  Probe  
  34  3:13  Probe, Oracle  
  35  3:26  Nexus  
  38  3:30  Pylon  
  38  3:38  Probe  
  37  3:43  Robotics Facility  
  35  3:55  Probe  
  36  4:01  Adept x2  
  40  4:07  Probe  
  41  4:19  Probe  
  41  4:21  Adept x2  
  46  4:27  Warp Prism  
  46  4:44  Gateway  
  45  4:48  Sentry  
  45  4:49  Sentry  
  49  4:54  Gateway  
  49  4:59  Immortal  
  49  5:20  Adept x2  
  53  5:38  Stalker  
  53  5:40  Stalker  
  53  5:58  Adept x2, Pylon  
  53  6:02  Stalker  
  51  6:29  Stalker x3  
  53  6:51  Stalker  
  53  6:52  Zealot x2  
  55  6:59  Stalker  
  46  7:19  Zealot x2  
  30  7:30  Probe  
  30  7:31  Probe  
  30  7:38  Probe  
  30  7:39  Probe  
  30  7:43  Observer  
  31  7:47  Probe  
  31  7:49  Probe  
  33  7:55  Sentry  
  35  7:59  Probe  
  35  8:01  Probe  
  37  8:12  Stalker  

Tags
 
Add a new tag
Caveats
  • Supply blocks, unpowered buildings, or Contaminate may cause inaccurate times.
  • Supply counts are checked every 10 seconds.